 Dungeon Crawl Stone Soup version 0.31-a0-700-gf13585253f (webtiles) character file.

Game seed: 11357183512907125208

34675 Aneyh the Warrior (level 13, 0/83 (90) HPs)
             Began as a Tengu Monk on Sept 8, 2023.
             Was a High Priest of Hepliaklqana.
             Killed by vampiric draining
             ... invoked by a vampire
             ... summoned by a vampire mage
              (7 damage)
             ... on level 15 of the Dungeon.
             The game lasted 01:00:16 (16206 turns).

Aneyh the Warrior (Tengu Monk)                     Turns: 16206, Time: 01:00:17

HP:   0/83 (90)     AC: 12    Str: 20    XL:     13   Next: 78%
MP:   12/12         EV: 22    Int: 13    God:    Hepliaklqana [*****.]
Gold: 1026          SH:  9    Dex: 15    Spells: 12/12 levels left

rFire   + + +        a - +5 war axe "Luah" {flame, rElec rF+++ rC- rN+}
rCold   x . .        Y - +0 kite shield
rNeg    + . .        M - +0 swamp dragon scales
rPois   +            p - +2 hat
rElec   +            D - +0 cloak
rCorr   .            (no gloves)
SInv    .            (boots unavailable)
Will    .....        (no amulet)
Stlth   +            u - +5 ring of evasion
HPRegen 0.33/turn    (no ring)
MPRegen 0.13/turn

%: acrobat
@: weak-willed, flying, drained
A: reduced essence, beak, talons 3, evasive flight, acrobatic, clever 1, low MP
1, poison resistance, strong 1
a: Renounce Religion, Recall Ancestor, Ancestor Identity, Transference, Idealise


You were on level 15 of the Dungeon.
You worshipped Hepliaklqana.
Hepliaklqana was extremely pleased with you.
You visited 2 branches of the dungeon, and saw 16 of its levels.

You collected 1026 gold pieces.

Inventory:

Hand Weapons
 a - the +5 war axe "Luah" (weapon) {flame, rElec rF+++ rC- rN+}
   (You found it on level 6 of the Dungeon)

   rF+++:     It renders you almost immune to fire.
   rC-:       It makes you vulnerable to cold.
   rElec:     It insulates you from electricity.
   rN+:       It protects you from negative energy.
 b - a +0 orcbow of draining
 A - a +0 arbalest
 H - a +0 glaive
 I - the +7 long sword of the Hated {freeze, rElec rCorr Str-2 SInv}
   (You found it on level 11 of the Dungeon)

   Str-2:     It affects your strength (-2).
   rElec:     It insulates you from electricity.
   SInv:      It lets you see invisible.
   rCorr:     It protects you from acid and corrosion.
 L - a +0 trident of flaming
 P - a +2 vampiric trident
 S - a +4 scimitar of flaming
 W - a +1 halberd of flaming
Missiles
 l - 5 atropa-tipped darts
 V - 4 throwing nets
Armour
 p - a +2 hat (worn)
 D - a +0 cloak (worn)
 M - +0 swamp dragon scales (worn)
 X - a +3 chain mail of cold resistance
 Y - a +0 kite shield (worn)
Jewellery
 u - a +5 ring of evasion (left hand)
 Q - a ring of fire
Talismans
 E - a maw talisman
Wands
 d - a wand of digging (7)
 i - a wand of mindburst (4)
 w - a wand of iceblast (17)
 z - a wand of flame (28) (quivered)
 F - a wand of polymorph (17)
 N - a wand of quicksilver (5)
 T - a wand of paralysis (9)
Scrolls
 f - 2 scrolls of acquirement {unknown}
 h - 3 scrolls of enchant weapon {unknown}
 j - 6 scrolls of identify
 m - 2 scrolls of silence {unknown}
 n - 3 scrolls of butterflies {unknown}
 o - 2 scrolls of fear {unknown}
 q - 4 scrolls of noise
 s - 2 scrolls of poison
 v - a scroll of vulnerability
 x - a scroll of amnesia
 y - 3 scrolls of fog {unknown}
 B - 4 scrolls of enchant armour
 G - 4 scrolls of immolation {unknown}
 Z - 2 scrolls of teleportation {unknown}
Potions
 e - a potion of lignification {unknown}
 g - 6 potions of enlightenment
 k - 8 potions of curing
 r - 2 potions of might
 t - 2 potions of brilliance
 J - 2 potions of resistance
 R - a potion of berserk rage {unknown}
Miscellaneous
 C - a phial of floods


   Skills:
 * Level 19.6 Fighting
 - Level 5.0(6.0) Axes
 - Level 5.0(6.0) Polearms
 + Level 7.9 Armour
 + Level 8.0 Dodging
 - Level 4.0 Shields


You had 12 spell levels left.
You didn't know any spells.
Your spell library contained the following spells:

 Spells                   Type           Power      Damage    Failure   Level
 Magic Dart               Conj           0%         1d3       75%         1
 Searing Ray              Conj           0%         2d4       87%         2
 Sublimation of Blood     Necr           0%         N/A       87%         2
 Wereblood                Tmut           0%         N/A       87%         2
 Frozen Ramparts          Ice            0%         1d1       98%         3
 Fulminant Prism          Conj/Hex       0%         3d5       100%        4
 Petrify                  Tmut/Erth      0%         N/A       100%        4
 Metabolic Englaciation   Hex/Ice        0%         N/A       100%        5
 Summon Hydra             Summ           0%         N/A       100%        7


Dungeon Overview and Level Annotations

Branches:
Dungeon (15/15)            Temple (1/1) D:5            Lair (0/5) D:11
    Orc (0/2) D:10         Depths (0/4) D:15
 Vaults: D:13-14

Altars:
Ashenzari
Cheibriados
Dithmenos
Elyvilon
Fedhas
Gozag
Hepliaklqana
Kikubaaqudgha
Makhleb
Nemelex Xobeh
Okawaru
Qazlal
Ru
Sif Muna
Trog
Uskayaw
Vehumet
Wu Jian
Xom
Yredelemnul
Zin
The Shining One

Shops:
D:1 =

Portals:
Abyss: D:7

Annotations:
D:6 3 runed translucent doors, Stellion's ghost, novice HuCj
D:7 2 transporters, Zeko's ghost, novice TrGl
D:10 3 runed translucent doors, SecretSquirrel's ghost, novice DsGl
D:12 2 transporters, Palms's ghost, journeyman DjAE


Innate Abilities, Weirdness & Mutations

Your life essence is reduced to manifest your ancestor. (-10% HP)
You have a beak for a mouth.
You have claws for feet.
Your magical flight helps you evade attacks. (EV +4)
You can magically evade attacks while moving or waiting.
Your mind is acute. (Int +4, Str/Dex -1)
Your magical capacity is low. (-10% MP)
Your system is resistant to poisons. (rPois)
Your muscles are strong. (Str +4, Int/Dex -1)


Message History

The phantasmal warrior blinks!
The phantasmal warrior attacks as it pursues you!
The phantasmal warrior hits you!
You hit the vampire but do no damage. You claw the vampire.
The vampire is lightly damaged.
The phantasmal warrior hits you. You block the vampire's attack. x2
You puncture the vampire! You claw the vampire, but do no damage.
Your peck misses the vampire.
The vampire is moderately damaged.
You block the phantasmal warrior's attack.
The vampire closely misses you. The vampire completely misses you.
Okay, then.
Okay, then.
You feel the dreadful sensation subside.
The +5 war axe "Luah" {flame, rElec rF+++ rC- rN+} bursts into flame!
a - the +5 war axe "Luah" (weapon)
{flame, rElec rF+++ rC- rN+} The vampire completely misses you. x2; The phantasmal warrior hits you!
* * * LOW HITPOINT WARNING * * *
You hit the vampire. You burn the vampire. You claw the vampire.
You peck the vampire, but do no damage.
The vampire is severely damaged.
You hit the phantasmal warrior. You burn the phantasmal warrior.
You hear some strange, mumbled words.
A bolt of negative energy appears from out of thin air!
The bolt of negative energy hits the phantasmal warrior.
The phantasmal warrior completely resists.
The bolt of negative energy hits you! You partially resist.
You feel drained.
* * * LOW HITPOINT WARNING * * *
The bolt of negative energy hits the vampire.
The vampire completely resists.
The phantasmal warrior hits you!
* * * LOW HITPOINT WARNING * * *
Your willpower is stripped away!
The vampire mumbles some strange words.
The vampire flickers and vanishes!
You closely miss something. Your kick misses something. You peck something.
You slash the phantasmal warrior! You burn the phantasmal warrior.
You block the phantasmal warrior's attack.
A white ugly thing comes into view.
Something draws life force from you!
You die...

... .. # #u#
...##.#.#
......#.#####
.......uz.{.#
######{###.# #{# #.#
.. #W# #.# #####'##
#@# #.#
#......#####{###z#
#................###
#............###...#
# #............#
##### #
#............# #
#............###
#..............# #
#..............#


You could see 2 ugly things, a phantasmal warrior (summoned) and a wight
(summoned).

Vanquished Creatures
  An ogre mage (D:14)
  2 two-headed ogres (D:9)
  A centaur warrior (D:13)
  4 skeletal warriors (D:15)
  A wizard (D:15)
  2 deep elf pyromancers
  A cyclops (D:12)
  2 manticores
  2 ugly things
  Maggie (D:6)
  A gargoyle (D:12)
  An unseen horror (D:10)
  2 centaur skeletons (D:14)
  A tengu conjurer (D:12)
  A komodo dragon (D:10)
  3 yaktaurs
  An efreet (D:12)
  A hornet (D:9)
  2 trolls (D:12)
  Grinder (D:5)
  Sigmund (D:4)
  A spriggan (shapeshifter) (D:14)
  A slime creature (D:12)
  A shadow (D:10)
  2 hogs
  A basilisk (D:14)
  12 yaks
  A steam dragon (D:7)
  4 vampire mosquitoes
  An acid dragon (D:11)
  2 wargs (D:11)
  2 orc warriors
  2 water moccasins
  A black bear (D:4)
  2 ogres
  3 centaurs (D:10)
  A lemure (D:7)
  3 phantoms
  Blork the orc (D:4)
  4 kobold brigands
  A gnoll sergeant (D:10)
  2 bullfrogs
  3 scorpions
  A wight (D:10)
  Dowan (D:5)
  A howler monkey (D:10)
  2 jellies
  5 hounds
  8 orc priests
  Jessica (D:3)
  An iguana (D:6)
  5 orc wizards
  Robin (D:3)
  8 gnolls
  5 adders
  2 worms
  5 dart slugs
  42 orcs
  15 ball pythons
  12 endoplasms
  2 giant cockroaches (D:3)
  17 goblins
  8 hobgoblins
  3 jackals
  18 kobolds
  6 quokkas
  5 bats
  3 frilled lizards
  2 rats
262 creatures vanquished.

Vanquished Creatures (collateral kills)
  Kirke (D:12)
  Snorg (D:12)
  Harold (D:10)
  A sphinx zombie (D:15)
  A death knight (D:14)
  3 two-headed ogres
  Erica (D:8)
  A boulder beetle (D:11)
  A tengu warrior (D:13)
  2 skeletal warriors
  Pikel (D:7)
  A deep elf pyromancer (D:12)
  A necromancer (D:15)
  An orc knight (D:13)
  3 cyclopes
  An ugly thing (D:15)
  Jeremiah (D:7)
  2 unseen horrors
  A yaktaur (D:14)
  2 hornets (D:9)
  2 slime creatures (D:12)
  A shadow (D:10)
  2 wraiths
  A vampire (D:12)
  2 wyverns (D:8)
  2 hogs (D:12)
  3 yaks
  A vampire mosquito (D:12)
  An acid dragon (D:9)
  Duvessa (D:5)
  2 orc warriors
  A swamp drake (D:10)
  An ice beast (D:8)
  An ogre (D:14)
  A centaur (D:6)
  2 bullfrogs
  3 gnoll sergeants
  An electric eel (D:14)
  5 orc priests
  11 orc wizards
  2 iguanas
  9 gnolls
  An adder (D:6)
  2 white imps
  19 orcs
  A giant cockroach (D:4)
  3 goblins (D:4)
  A hobgoblin (D:4)
  2 jackals (D:5)
  3 kobolds
114 creatures vanquished.

Vanquished Creatures (others)
  A two-headed ogre (D:10)
  A water elemental (D:14)
  17 battlemagi
19 creatures vanquished.

Grand Total: 395 creatures vanquished

Notes
Turn   | Place    | Note
-------+----------+-------------------------------------------
     0 | D:1      | Aneyh the Tengu Monk began the quest for the Orb.
     0 | D:1      | Reached XP level 1. HP: 14/14 MP: 2/2
   100 | D:1      | Reached XP level 2. HP: 19/19 MP: 3/3
   359 | D:1      | Reached XP level 3. HP: 23/23 MP: 4/4
   396 | D:1      | Found Porchy's Jewellery Shoppe.
   576 | D:2      | Found a shadowy altar of Dithmenos.
   991 | D:2      | Reached XP level 4. HP: 12/29 MP: 5/5
  1377 | D:3      | Noticed Jessica
  1382 | D:3      | Killed Jessica
  1383 | D:3      | Reached skill level 4 in Fighting
  1496 | D:3      | Reached XP level 5. HP: 34/34 MP: 6/6
  1535 | D:3      | Noticed Robin
  1550 | D:3      | Killed Robin
  1647 | D:3      | Reached skill level 5 in Polearms
  2253 | D:5      | Entered Level 5 of the Dungeon
  2253 | D:5      | Found a staircase to the Ecumenical Temple.
  2336 | Temple   | Entered the Ecumenical Temple
  2383 | D:4      | Reached skill level 1 in Armour
  2386 | D:4      | Reached skill level 5 in Fighting
  2503 | D:4      | Noticed a phantom
  2513 | D:4      | Killed a phantom
  2514 | D:4      | Reached XP level 6. HP: 37/40 MP: 7/7
  2823 | D:4      | Reached skill level 6 in Fighting
  2823 | D:4      | Gained mutation: Your magical flight helps you evade
                  | attacks. (EV +4) [Tengu growth]
  2823 | D:4      | Reached XP level 7. HP: 46/46 MP: 8/8
  2830 | D:4      | Noticed Sigmund
  2841 | D:4      | Killed Sigmund
  2968 | D:4      | Found a hazy altar of Hepliaklqana.
  2972 | D:4      | Became a worshipper of Hepliaklqana the Forgotten
  2972 | D:4      | Reached * piety under Hepliaklqana
  2972 | D:4      | Reached ** piety under Hepliaklqana
  2973 | D:4      | Remembered your ancestor Zarja as a battlemage
  3166 | D:4      | Noticed Blork the orc
  3178 | D:4      | Killed Blork the orc
  3179 | D:4      | Reached skill level 7 in Fighting
  3319 | D:4      | Reached XP level 8. HP: 43/47 MP: 9/9
  3544 | D:5      | Noticed Dowan
  3545 | D:5      | Noticed Duvessa
  3553 | D:5      | Killed Dowan
  3554 | D:5      | Reached skill level 5 in Armour
  3556 | D:5      | Killed Duvessa
  3563 | D:5      | Reached skill level 8 in Fighting
  3967 | D:5      | Noticed Grinder
  3970 | D:5      | Paralysed by Grinder for 3 turns
  3986 | D:5      | Killed Grinder
  4310 | D:6      | Reached skill level 9 in Fighting
  4310 | D:6      | Reached XP level 9. HP: 45/54 MP: 10/10
  4445 | D:6      | Found a runed translucent gate.
  4445 | D:6      | Found a runed translucent gate.
  4445 | D:6      | Found a runed translucent gate.
  4447 | D:6      | Identified the +5 war axe "Luah" {flame, rElec rF+++ rC-
                  | rN+}
  4593 | D:6      | Noticed Maggie
  4602 | D:6      | Killed Maggie
  4603 | D:6      | Reached skill level 10 in Fighting
  4750 | D:6      | Noticed a spectral unseen horror
  4750 | D:6      | Noticed Stellion's ghost (novice HuCj)
  4828 | D:7      | Noticed Pikel
  4836 | D:7      | Killed Pikel
  4837 | D:7      | Reached skill level 11 in Fighting
  4895 | D:7      | Found a transporter.
  4961 | D:7      | Found a glowing silver altar of Zin.
  4962 | D:7      | Found a white marble altar of Elyvilon.
  5052 | D:7      | Found a transporter.
  5057 | D:7      | Found a one-way gate to the infinite horrors of the Abyss.
  5057 | D:7      | Noticed Zeko's ghost (novice TrGl)
  5069 | D:7      | Reached *** piety under Hepliaklqana
  5181 | D:7      | Reached XP level 10. HP: 54/63 MP: 11/11
  5259 | D:7      | Reached skill level 12 in Fighting
  5379 | D:7      | Noticed Jeremiah
  5667 | D:7      | Killed Jeremiah
  5777 | D:7      | Noticed a rakshasa
  6449 | D:8      | Noticed Erica
  6456 | D:8      | Killed Erica
  6457 | D:8      | Reached skill level 13 in Fighting
  6457 | D:8      | Reached skill level 5 in Dodging
  6930 | D:9      | Paralysed by a hornet for 1 turns
  6931 | D:9      | Reached skill level 1 in Axes
  7362 | D:9      | Reached **** piety under Hepliaklqana
  7429 | D:9      | Reached XP level 11. HP: 71/71 MP: 12/12
  7452 | D:9      | Found a shimmering blue altar of Sif Muna.
  7664 | D:9      | Noticed a two-headed ogre
  7671 | D:9      | Killed a two-headed ogre
  7672 | D:9      | Reached skill level 14 in Fighting
  7859 | D:10     | Entered Level 10 of the Dungeon
  7859 | D:10     | Noticed Harold
  8043 | D:10     | Killed Harold
  8044 | D:10     | Reached skill level 5 in Axes
  8237 | D:10     | Found a staircase to the Orcish Mines.
  8646 | D:10     | Noticed a skeletal warrior
  8650 | D:10     | Noticed a two-headed ogre
  8650 | D:10     | Noticed a two-headed ogre
  8651 | D:10     | Noticed a two-headed ogre
  8651 | D:10     | Noticed a five-headed hydra
  8868 | D:9      | Killed a two-headed ogre
  8869 | D:9      | Reached skill level 15 in Fighting
  9018 | D:9      | Killed a two-headed ogre
  9182 | D:10     | Killed a two-headed ogre
  9275 | D:10     | Found a runed translucent gate.
  9275 | D:10     | Found a runed translucent gate.
  9275 | D:10     | Found a runed translucent gate.
  9276 | D:10     | Noticed SecretSquirrel's ghost (novice DsGl)
  9623 | D:10     | Gained mutation: You have a somewhat thin skeletal
                  | structure. (Dex +2, Stealth+) [potion of mutation]
  9623 | D:10     | Gained mutation: You are dopey. (Int -2) [potion of
                  | mutation]
  9623 | D:10     | Gained mutation: You have an increased reservoir of magic.
                  | (+10% MP) [potion of mutation]
  9624 | D:10     | Lost mutation: You have an increased reservoir of magic.
                  | (+10% MP) [potion of mutation]
  9624 | D:10     | Lost mutation: You have a somewhat thin skeletal structure.
                  | (Dex +2, Stealth+) [potion of mutation]
  9624 | D:10     | Lost mutation: You are dopey. (Int -2) [potion of mutation]
  9624 | D:10     | Gained mutation: Your muscles are strong. (Str +4, Int/Dex
                  | -1) [potion of mutation]
  9624 | D:10     | Gained mutation: Your magical capacity is low. (-10% MP)
                  | [potion of mutation]
  9624 | D:10     | Gained mutation: Your mind is acute. (Int +4, Str/Dex -1)
                  | [potion of mutation]
  9624 | D:10     | Gained mutation: Your system is resistant to poisons.
                  | (rPois) [potion of mutation]
 10425 | D:11     | Reached XP level 12. HP: 79/79 MP: 11/11
 10639 | D:11     | Found a staircase to the Lair.
 10645 | D:11     | Reached skill level 1 in Shields
 10647 | D:11     | Reached skill level 16 in Fighting
 10799 | D:11     | Reached ***** piety under Hepliaklqana
 10824 | D:11     | Identified the +7 long sword of the Hated {freeze, rElec
                  | rCorr Str-2 SInv}
 10915 | D:11     | Noticed a boulder beetle
 11117 | D:11     | Killed a boulder beetle
 12449 | D:12     | Found a transporter.
 12449 | D:12     | Found a transporter.
 12470 | D:12     | Found a bloodstained altar of Trog.
 12471 | D:12     | Noticed a tengu warrior
 12471 | D:12     | Noticed Palms's ghost (journeyman DjAE)
 12473 | D:12     | Noticed an ettin
 12641 | D:13     | Noticed Kirke
 12763 | D:12     | Killed Kirke
 12764 | D:12     | Reached skill level 17 in Fighting
 12819 | D:13     | Noticed a tengu warrior
 13173 | D:13     | Killed a tengu warrior
 14244 | D:13     | Noticed Snorg
 14424 | D:12     | Killed Snorg
 14425 | D:12     | Reached skill level 18 in Fighting
 14537 | D:13     | Reached XP level 13. HP: 87/87 MP: 12/12
 15409 | D:14     | Reached skill level 19 in Fighting
 15443 | D:14     | Found a hide-covered altar of Uskayaw.
 15634 | D:15     | Entered Level 15 of the Dungeon
 15745 | D:15     | Found a staircase to the Depths.
 16019 | D:15     | Noticed a jiangshi
 16206 | D:15     | Killed from afar by a vampire

Illustrated notes

Levels and vault maps discovered:
D:1:      roderic_chinese_lattice_arrival, layout_rooms, serial_shops,
          nicolae_shop_gaudy_bauble
D:2:      layout_rooms, basic_altar
D:3:      layout_rooms, uniq_jessica, uniq_robin
D:4:      minmay_thinvault, layout_basic, general_overflow_altar,
          minmay_pentangle, uniq_blork_the_orc, uniq_sigmund
D:5:      layout_rooms, minmay_temple_entry_crystal_x, uniq_grinder,
          uniq_duvessa
D:6:      layout_cave_pools, gammafunk_ghost_necromancy, hangedman_decor_push,
          minmay_misc_feat_roman, uniq_maggie
D:7:      layout_basic, jmf_multi_god_temple, gammafunk_ghost_abyssal_escape,
          uniq_pikel, uniq_jeremiah
D:8:      layout_gridville, uniq_erica
D:9:      layout_basic, led_sif_pool
D:10:     kennysheep_ambush_hall, layout_stronghold, erik_orc_1,
          gammafunk_ghost_spectres, minmay_mirror_moons_of_madness, uniq_harold
D:11:     layout_layer_cave, erik_lair_orcish_takeover
D:12:     layout_rooms, gammafunk_ghost_wrathful_warriors
D:13:     layout_rooms, uniq_snorg, uniq_kirke
D:14:     layout_basic, hangedman_vaults_entry_quadrant_bands,
          nicolae_uskayaw_en_pointe, lemuel_freeze_loot_1
D:15:     gammafunk_depths_entry_grave, layout_basic
Temple:   dpeg_five_rooms_temple

Skill      XL: |  1  2  3  4  5  6  7  8  9 10 11 12 13 |
---------------+----------------------------------------+-----
Polearms       | 4 5 |  5.0
Fighting       | 4 5 6 7 9 11 13 15 18 19 | 19.6
Armour         | 1 2 4 6 7 |  7.9
Dodging        | 4 5 7 8 |  8.0
Axes           | 3 5 |  5.0
Shields        | 4 |  4.0

Action                     |  1- 3 |  4- 6 |  7- 9 | 10-12 | 13-15 || total
---------------------------+-------+-------+-------+-------+-------++-------
  Melee: Spear             |    33 |       |       |       |       ||    33
         Peck              |    15 |    25 |    25 |    65 |    24 ||   154
         Kick              |    18 |    30 |    36 |   106 |    40 ||   230
         Short sword       |    39 |    95 |     6 |       |       ||   140
         Hand axe          |       |    38 |    63 |       |       ||   101
         Punch             |       |     2 |     4 |     1 |       ||     7
         Unarmed           |       |       |     7 |       |       ||     7
         Halberd           |       |       |     6 |     1 |       ||     7
         Trident           |       |       |     9 |     3 |    23 ||    35
         War axe           |       |       |    39 |   289 |    85 ||   413
   Fire: Shortbow          |       |     4 |     8 |       |       ||    12
         Orcbow            |       |       |       |     3 |       ||     3
  Throw: Dart              |       |       |     2 |     4 |       ||     6
 Invoke: Ancestor Life: Ba |       |       |     1 |       |       ||     1
         Ancestor Identity |       |       |     1 |       |       ||     1
         Recall Ancestor   |       |       |       |     6 |     1 ||     7
         Idealise          |       |       |       |       |     1 ||     1
  Evoke: Wand              |       |       |       |     6 |       ||     6
    Use: Scroll            |       |     3 |     3 |     7 |     2 ||    15
         Potion            |       |     1 |     1 |     2 |     5 ||     9
   Stab: Sleeping          |     2 |       |       |       |       ||     2
         Distracted        |       |       |     4 |     5 |       ||     9
         Confused          |       |       |       |     1 |       ||     1
 Armour: Robe              |    11 |       |       |       |       ||    11
         Ring mail         |     6 |    33 |       |       |       ||    39
         Chain mail        |       |    25 |    31 |       |       ||    56
         Skin              |       |       |     2 |       |       ||     2
         Leather armour    |       |       |     7 |       |       ||     7
         Swamp dragon scal |       |       |     9 |   178 |   103 ||   290
  Dodge: Dodged            |    49 |   116 |   146 |   426 |   140 ||   877
  Block: Kite shield       |       |       |       |    62 |    73 ||   135

Table legend: (Time is in decaauts)
 A = Elapsed time spent in this place.
 B = Non-inter-level travel time spent in this place.
 C = Inter-level travel time spent in this place.
 D = Time resting spent in this place.
 E = Time spent auto-exploring this place.
 F = Levels seen in this place.
 G = Mean time per level.
                   A        B        C        D        E       F      G
               +--------+--------+--------+--------+--------+-----+--------+
         Total |  16438 |  16117 |    321 |   5477 |   6925 |  16 | 1027.4 |
       Dungeon |  16434 |  16113 |    321 |   5477 |   6925 |  15 | 1095.6 |
        Temple |      3 |      3 |      0 |      0 |      0 |   1 |    3.0 |
               +--------+--------+--------+--------+--------+-----+--------+

Top non-repeatable levels by time:
    D:13: 1884 daAuts
     D:9: 1875 daAuts
    D:10: 1582 daAuts
    D:11: 1489 daAuts
     D:4: 1291 daAuts
    D:12: 1262 daAuts
     D:8: 1089 daAuts
     D:7: 1085 daAuts
     D:5: 934 daAuts
     D:2: 901 daAuts
     D:3: 770 daAuts
     D:6: 687 daAuts
    D:15: 586 daAuts
    D:14: 521 daAuts
     D:1: 471 daAuts
